MLB
CALIFORNIA ANGELS @ BALTIMORE ORIOLES
08/12/2044
 
TOP OF THE 1ST
California Angels batting - Pitching for Baltimore Orioles : RHP Bobby O'Connell
Pitching: RHP Bobby O'Connell
Batting: RHB Nick Dunn 0-0: Fly out, F8 (Flyball, 8LD, EV 105.0 MPH)
Batting: RHB Preston Deakyne 0-0: Ball
1-0: Foul Ball, location: 2F
1-1: Foul Ball, location: 2F
1-2: Strikes out swinging
Batting: SHB Aldo Questi 0-0: Ball
1-0: Ball
2-0: Called Strike
2-1: Ball
3-1: Swinging Strike
3-2: Foul Ball, location: 2F
3-2: SINGLE (Line Drive, 56D, EV 97.5 MPH)
Batting: RHB Dietmar Warmisch 0-0: Ball
1-0: Ball
2-0: Called Strike
2-1: SINGLE (Groundball, 6, EV 100.0 MPH)
Aldo Questi to second
Aldo Questi to third
Batting: LHB Josh Cook 0-0: Called Strike
0-1: Ball
1-1: Ball
2-1: Swinging Strike
2-2: Strikes out looking
Top of the 1st over - 0 runs, 2 hits, 0 errors, 2 left on base; California 0 - Baltimore 0
BOTTOM OF THE 1ST
Baltimore Orioles batting - Pitching for California Angels : RHP Danny White
Pitching: RHP Danny White
Batting: RHB Saimei Kudo 0-0: Ball
1-0: Ball
2-0: Called Strike
2-1: Fly out, F4 (Flyball, 34D, EV 76.2 MPH)
Batting: RHB Marc Peckermark 0-0: Ball
1-0: Fly out, F6 (Popup, 6M, EV 53.8 MPH)
Batting: LHB Brad Pepin 0-0: Ball
1-0: Ball
2-0: Ball
3-0: Ground out U3 (Groundball, 3, EV 86.9 MPH)
Bottom of the 1st over - 0 runs, 0 hits, 0 errors, 0 left on base; California 0 - Baltimore 0
TOP OF THE 2ND
California Angels batting - Pitching for Baltimore Orioles : RHP Bobby O'Connell
Batting: LHB Jack Bell 0-0: Called Strike
0-1: Ball
1-1: Ball
2-1: Ground out 3-1 (Groundball, 34, EV 82.5 MPH)
Batting: RHB Curt Earnest 0-0: Ball
1-0: Ball
2-0: Called Strike
2-1: Ball
3-1: Ground out 4-3 (Groundball, 34, EV 85.6 MPH)
Batting: RHB Gael Jones 0-0: Foul Ball, location: 2F
0-1: Ground out 4-3 (Groundball, 4, EV 91.9 MPH)
Top of the 2nd over - 0 runs, 0 hits, 0 errors, 0 left on base; California 0 - Baltimore 0
BOTTOM OF THE 2ND
Baltimore Orioles batting - Pitching for California Angels : RHP Danny White
Batting: RHB Kevin Howard 0-0: Ball
1-0: Swinging Strike
1-1: Ground out 6-3 (Groundball, 6, EV 105.0 MPH)
Batting: LHB Paul Diaz 0-0: Ball
1-0: Called Strike
1-1: Ball
2-1: Swinging Strike
2-2: Ball
3-2: Strikes out swinging
Batting: LHB Bob Melley 0-0: SINGLE (Line Drive, 56D, EV 96.2 MPH)
Batting: RHB Josh Hamilton 0-0: Foul Ball, location: 2F
0-1: Swinging Strike
0-2: Foul Ball, location: 2F
0-2: Ball
1-2: Fielders Choice at 2nd, 5-4 (Groundball, 56, EV 90.6 MPH)
Bottom of the 2nd over - 0 runs, 1 hit, 0 errors, 1 left on base; California 0 - Baltimore 0
TOP OF THE 3RD
California Angels batting - Pitching for Baltimore Orioles : RHP Bobby O'Connell
Batting: LHB Steve Roepke 0-0: Ball
1-0: SINGLE (Line Drive, 6MD, EV 100.0 MPH)
Batting: RHB Nick Dunn 0-0: Called Strike
0-1: Grounds into double play, 6-4-3 (Groundball, 6, EV 106.2 MPH)
Batting: RHB Preston Deakyne 0-0: Ball
1-0: Ball
2-0: Ball
3-0: Base on Balls
Batting: SHB Aldo Questi 0-0: Ball
1-0: Ground out 4-3 (Groundball, 4, EV 87.5 MPH)
Top of the 3rd over - 0 runs, 1 hit, 0 errors, 1 left on base; California 0 - Baltimore 0
BOTTOM OF THE 3RD
Baltimore Orioles batting - Pitching for California Angels : RHP Danny White
Batting: RHB Ruben Garza 0-0: Ball
1-0: Ball
2-0: Ball
3-0: Called Strike
3-1: Ground out 6-3 (Groundball, 6, EV 113.8 MPH)
Batting: RHB Andres Leon 0-0: Ball
1-0: Called Strike
1-1: Foul Ball, location: 2F
1-2: Strikes out looking
Batting: RHB Saimei Kudo 0-0: Fly out, F7 (Line Drive, 7D, EV 98.1 MPH)
Bottom of the 3rd over - 0 runs, 0 hits, 0 errors, 0 left on base; California 0 - Baltimore 0
TOP OF THE 4TH
California Angels batting - Pitching for Baltimore Orioles : RHP Bobby O'Connell
Batting: RHB Dietmar Warmisch 0-0: SINGLE (Groundball, 6MD, EV 95.0 MPH)
Batting: LHB Josh Cook 0-0: Grounds into double play, 5-4-3 (Groundball, 56D, EV 103.8 MPH)
Batting: LHB Jack Bell 0-0: Ball
1-0: Ball
2-0: Ball
3-0: Base on Balls
Batting: RHB Curt Earnest 0-0: Called Strike
0-1: Fielders Choice at 2nd, 6-4 (Groundball, 6, EV 83.8 MPH)
Top of the 4th over - 0 runs, 1 hit, 0 errors, 1 left on base; California 0 - Baltimore 0
BOTTOM OF THE 4TH
Baltimore Orioles batting - Pitching for California Angels : RHP Danny White
Batting: RHB Marc Peckermark 0-0: Ball
1-0: Ball
2-0: Ball
3-0: Called Strike
3-1: Base on Balls
Batting: LHB Brad Pepin Pickoff Throw to First - Error! E1
Marc Peckermark to second
0-0: Ball
1-0: Ball
2-0: Ball
3-0: Called Strike
3-1: Base on Balls
Batting: RHB Kevin Howard 0-0: Foul Ball, location: 2F
0-1: Ball
1-1: Foul Ball, location: 2F
1-2: Foul Ball, location: 2F
1-2: Strikes out swinging
Batting: LHB Paul Diaz 0-0: Ball
1-0: Foul Ball, location: 2F
1-1: Ball
2-1: Swinging Strike
2-2: Strikes out swinging
Batting: LHB Bob Melley 0-0: Swinging Strike
0-1: Ball
1-1: Foul Ball, location: 2F
1-2: Fly out, F8 (Flyball, 8RM, EV 90.6 MPH)
Bottom of the 4th over - 0 runs, 0 hits, 1 error, 2 left on base; California 0 - Baltimore 0
TOP OF THE 5TH
California Angels batting - Pitching for Baltimore Orioles : RHP Bobby O'Connell
Batting: RHB Gael Jones 0-0: Ground out 6-3 (Groundball, 6, EV 91.2 MPH)
Batting: LHB Steve Roepke 0-0: Called Strike
0-1: SINGLE (Groundball, 34, EV 96.9 MPH)
Batting: RHB Nick Dunn 0-0: Ball
1-0: Ball
Wild Pitch!
Steve Roepke to second
2-0: SINGLE (Line Drive, 9LS, EV 87.5 MPH)
Steve Roepke to third
Runner from 3rd tries for Home, SAFE, throw by RF to home
Batting: RHB Preston Deakyne 0-0: Called Strike
0-1: Ball
1-1: Ball
2-1: Ball
Nick Dunn steals 2nd base (no throw)
3-1: Base on Balls
Batting: SHB Aldo Questi 0-0: Ball
1-0: Called Strike
1-1: Foul Ball, location: 2F
1-2: SINGLE (Line Drive, 6D, EV 95.0 MPH)
Nick Dunn to third
Preston Deakyne to second
Batting: RHB Dietmar Warmisch 0-0: Ball
1-0: Fly out, F8 (Flyball, 8RS, EV 90.0 MPH)
Batting: LHB Josh Cook 0-0: Called Strike
0-1: Ground out U3 (Groundball, 3L, EV 98.8 MPH)
Top of the 5th over - 1 run, 3 hits, 0 errors, 3 left on base; California 1 - Baltimore 0
BOTTOM OF THE 5TH
Baltimore Orioles batting - Pitching for California Angels : RHP Danny White
Batting: RHB Josh Hamilton 0-0: Ball
1-0: Ball
2-0: Ball
3-0: Called Strike
3-1: Base on Balls
Batting: RHB Ruben Garza 0-0: Foul Ball, location: 2F
0-1: Ball
1-1: Swinging Strike
1-2: Ball
2-2: Fly out, F9 (Line Drive, 9, EV 107.5 MPH)
Batting: RHB Andres Leon 0-0: Foul Ball, location: 2F
0-1: Foul Ball, location: 2F
0-2: Ball
1-2: Foul Ball, location: 2F
1-2: Ball
2-2: Strikes out swinging
Josh Hamilton steals 2nd, throwing error, E2
Josh Hamilton to third
Batting: RHB Saimei Kudo 0-0: Ball
1-0: Ball
2-0: Ball
3-0: Base on Balls
Batting: RHB Marc Peckermark 0-0: Ball
1-0: Ball
2-0: Called Strike
2-1: Swinging Strike
2-2: Foul Ball, location: 2F
2-2: Hit by Pitch
Saimei Kudo to second
Pitching: RHP Joe Butler
Batting: LHB Brad Pepin 0-0: Ball
1-0: Ball
2-0: Ball
3-0: Base on Balls
Josh Hamilton scores
Saimei Kudo to third
Marc Peckermark to second
Batting: RHB Kevin Howard 0-0: Ball
1-0: Called Strike
1-1: Foul Ball, location: 2F
1-2: Ball
2-2: Foul Ball, location: 2F
2-2: Strikes out swinging
Bottom of the 5th over - 1 run, 0 hits, 1 error, 3 left on base; California 1 - Baltimore 1
TOP OF THE 6TH
California Angels batting - Pitching for Baltimore Orioles : RHP Bobby O'Connell
Batting: LHB Jack Bell 0-0: Ball
1-0: Swinging Strike
1-1: Ball
2-1: Ball
3-1: Ground out 1-3 (Groundball, 15S, EV 75.0 MPH)
Batting: RHB Curt Earnest 0-0: Foul Ball, location: 2F
0-1: Fly out, F6 (Popup, 6, EV 65.0 MPH)
Batting: RHB Gael Jones 0-0: Ball
1-0: Called Strike
1-1: Called Strike
1-2: Ball
2-2: Strikes out looking
Top of the 6th over - 0 runs, 0 hits, 0 errors, 0 left on base; California 1 - Baltimore 1
BOTTOM OF THE 6TH
Baltimore Orioles batting - Pitching for California Angels : RHP Joe Butler
Batting: LHB Paul Diaz 0-0: Ball
1-0: Foul Ball, location: 2F
1-1: Swinging Strike
1-2: Foul Ball, location: 2F
1-2: Ball
2-2: SOLO HOME RUN (Flyball, 78XD, EV 115.6 MPH), Distance : 421 ft
Batting: LHB Bob Melley 0-0: Ball
1-0: Swinging Strike
1-1: Foul Ball, location: 2F
1-2: Ball
2-2: Ball
3-2: Base on Balls
Batting: RHB Josh Hamilton 0-0: Called Strike
0-1: Ball
1-1: Ball
2-1: DOUBLE (Flyball, 78XD, EV 101.9 MPH)
Bob Melley to third
Batting: RHB Ruben Garza 0-0: Called Strike
0-1: Ball
1-1: Foul Ball, location: 2F
1-2: DOUBLE (Line Drive, 9LS, EV 108.1 MPH)
Bob Melley scores
Josh Hamilton scores
Pitching: RHP Joe Beam
Batting: RHB Andres Leon 0-0: Ball
1-0: Foul Ball, location: 2F
1-1: Swinging Strike
1-2: Ball
2-2: Ball
3-2: Base on Balls
Batting: RHB Saimei Kudo 0-0: Ball
1-0: Foul Ball, location: 2F
1-1: Ball
2-1: Grounds into double play, 6-4-3 (Groundball, 6, EV 83.1 MPH)
Ruben Garza to third
Batting: RHB Marc Peckermark 0-0: Called Strike
0-1: Ball
1-1: Called Strike
1-2: Ball
2-2: Ball
3-2: Foul Ball, location: 2F
3-2: Fly out, F7 (Flyball, 7LM, EV 90.0 MPH)
Bottom of the 6th over - 3 runs, 3 hits, 0 errors, 1 left on base; California 1 - Baltimore 4
TOP OF THE 7TH
California Angels batting - Pitching for Baltimore Orioles : RHP Bobby O'Connell
Batting: LHB Steve Roepke 0-0: Called Strike
0-1: Swinging Strike
0-2: Ball
1-2: Fly out, F4 (Line Drive, 4, EV 71.9 MPH)
Batting: RHB Nick Dunn 0-0: Fly out, F9 (Flyball, 9S, EV 84.4 MPH)
Batting: RHB Preston Deakyne 0-0: Called Strike
0-1: Ball
1-1: Ground out 3-1 (Groundball, 13, EV 90.6 MPH)
Top of the 7th over - 0 runs, 0 hits, 0 errors, 0 left on base; California 1 - Baltimore 4
BOTTOM OF THE 7TH
Baltimore Orioles batting - Pitching for California Angels : RHP Joe Beam
Pitching: RHP Joel Ciampi
Batting: LHB Brad Pepin 0-0: Fly out, F8 (Flyball, 8LD, EV 105.0 MPH)
Batting: RHB Kevin Howard 0-0: Ball
1-0: Called Strike
1-1: Swinging Strike
1-2: Ball
2-2: Strikes out swinging
Batting: LHB Paul Diaz 0-0: Fly out, F7 (Flyball, 7, EV 93.1 MPH)
Bottom of the 7th over - 0 runs, 0 hits, 0 errors, 0 left on base; California 1 - Baltimore 4
TOP OF THE 8TH
California Angels batting - Pitching for Baltimore Orioles : RHP Bobby O'Connell
Batting: SHB Aldo Questi 0-0: Ball
1-0: Ball
2-0: Ball
3-0: Called Strike
3-1: Foul Ball, location: 2F
3-2: Ground out 6-3 (Groundball, 6M, EV 101.9 MPH)
Batting: RHB Dietmar Warmisch 0-0: Foul Ball, location: 2F
0-1: Ball
1-1: SOLO HOME RUN (Flyball, 7LD, EV 91.9 MPH), Distance : 342 ft
Pitching: LHP Manny Trump
Batting: LHB Josh Cook 0-0: Foul Ball, location: 2F
0-1: Ground out U3 (Groundball, 3, EV 91.2 MPH)
Pinch Hitting: RHB Alain Delhaye 0-0: Ball
1-0: Called Strike
1-1: Swinging Strike
1-2: Ball
2-2: Strikes out swinging
Top of the 8th over - 1 run, 1 hit, 0 errors, 0 left on base; California 2 - Baltimore 4
BOTTOM OF THE 8TH
Baltimore Orioles batting - Pitching for California Angels : RHP Joel Ciampi
Now in LF: Alain Delhaye
Now in CF: Josh Cook
Batting: LHB Bob Melley 0-0: Ball
1-0: Called Strike
1-1: Ball
2-1: Foul Ball, location: 2F
2-2: Ground out 6-3 (Groundball, 6, EV 99.4 MPH)
Batting: RHB Josh Hamilton 0-0: Ball
1-0: Ball
2-0: Ball
3-0: Called Strike
3-1: DOUBLE (Flyball, 8RXD, EV 96.2 MPH)
Batting: RHB Ruben Garza 0-0: Called Strike
0-1: Fly out, F8 (Flyball, 8LD, EV 106.2 MPH)
Batting: RHB Andres Leon 0-0: Ground out 4-3 (Groundball, 4, EV 100.0 MPH)
Bottom of the 8th over - 0 runs, 1 hit, 0 errors, 1 left on base; California 2 - Baltimore 4
TOP OF THE 9TH
California Angels batting - Pitching for Baltimore Orioles : LHP Manny Trump
Pitching: RHP Errol Dondale
Batting: RHB Curt Earnest 0-0: Called Strike
0-1: SINGLE (Line Drive, 89S, EV 93.1 MPH)
Pinch Hitting: LHB Javier Trujillo 0-0: Fielders Choice at 2nd, 3-6 (Groundball, 34, EV 102.5 MPH)
Batting: LHB Steve Roepke 0-0: Ball
1-0: Grounds into double play, 4-6-3 (Groundball, 4, EV 86.2 MPH)
Top of the 9th over - 0 runs, 1 hit, 0 errors, 0 left on base; California 2 - Baltimore 4
Thursday, March 31st , 2022 - OOTP Baseball 22.12 Build 89